AoeStats
← [KMNB] Bandeira

Lombardia

509155421Analyzed
3v3 RM · 6d ago on Sep 25, 2026· 53m 9s· 6 players
Game mode
Random Map
Map size
Normal (6 player)
Population
200
Speed
Normal
Resources
Standard
Victory
Conquest
Starting age
Dark Age
Ending age
Imperial Age
RankedLock teamsTeams togetherTeam positionsShared explorationLock speedFull tech treeHidden civsTurbo modeCheats
Victory
Defeat
🇺🇸 Huns · United States
1472
+18
🇩🇪 Cumans · Germany
1455
+19
🇨🇦 Tatars · Canada
1428
+20
🇧🇷 Varangians · Brazil
1541
-21
🇧🇷 Saracens · Brazil
1499
-18
🇧🇷 Italians · Brazil
1495
-18
BungaloBones
7:18 Loom
9:10 Feudal Age
9:49 Double-Bit Axe
11:48 Bloodlines
14:06 Scale Barding Armor
15:16 Forging
16:47 Horse Collar
18:52 Loom
22:01 Castle Age
24:45 Husbandry
30:02 Heavy Plow
32:48 Wheelbarrow
33:10 Bow Saw
34:44 Hand Cart
34:31 Gold Mining
34:35 Stone Mining
37:19 Gold Shaft Mining
39:19 Imperial Age
37:25 Chain Barding Armor
37:57 Iron Casting
38:57 Fletching
39:24 Cavalier
40:42 Paladin
42:03 Plate Barding Armor
42:29 Blast Furnace
41:53 Caravan
42:01 Town Watch
43:12 Coinage
44:58 Conscription
47:00 Ballistics
47:40 Chemistry
46:51 Masonry
54:09 Two-Man Saw
Mycorrhizal
9:08 Feudal Age
7:25 Loom
11:14 Double-Bit Axe
11:30 Horse Collar
19:39 Castle Age
18:56 Gold Mining
19:21 Fletching
20:04 Bloodlines
19:55 Padded Archer Armor
21:02 Wheelbarrow
20:15 Town Watch
20:29 Bodkin Arrow
20:58 Bow Saw
21:43 Heavy Plow
24:31 Ballistics
25:09 Leather Archer Armor
29:16 Husbandry
33:19 Imperial Age
33:34 Gold Shaft Mining
34:48 Ring Archer Armor
36:13 Bracer
38:41 Heavy Cavalry Archer
40:07 Scale Barding Armor
40:18 Light Cavalry
41:39 Hand Cart
41:11 Town Watch
42:21 Silk Armor
46:06 Conscription
46:00 Timurid Siegecraft
46:49 Chain Barding Armor
46:53 Hussar
49:15 Plate Barding Armor
49:56 Coinage
50:15 Forging
51:47 Iron Casting
Sergeantmilan97
6:36 Loom
9:17 Feudal Age
11:18 Double-Bit Axe
15:39 Horse Collar
17:32 Wheelbarrow
20:48 Castle Age
19:44 Gold Mining
19:45 Stone Mining
21:04 Scale Barding Armor
21:09 Forging
22:38 Chain Barding Armor
23:14 Iron Casting
24:17 Bloodlines
29:25 Steppe Husbandry
36:00 Imperial Age
37:28 Plate Barding Armor
37:26 Conscription
37:37 Hand Cart
37:56 Hand Cart
38:44 Blast Furnace
37:49 Elite Steppe Lancer
39:07 Bow Saw
49:17 Light Cavalry
51:31 Two-Man Saw
50:36 Heavy Plow
52:51 Crop Rotation
[KMNB] Dedão
6:48 Loom
9:11 Feudal Age
10:35 Wheelbarrow
11:49 Double-Bit Axe
15:43 Fletching
22:53 Castle Age
21:18 Padded Archer Armor
21:16 Gold Mining
23:17 Crossbowman
23:54 Bodkin Arrow
24:19 Bow Saw
26:34 Ballistics
28:13 Town Watch
30:25 Leather Archer Armor
30:52 Thumb Ring
32:27 Horse Collar
37:10 Imperial Age
35:04 Hand Cart
35:28 Caravan
36:23 Heavy Plow
36:47 Town Patrol
38:56 Chemistry
38:09 Bracer
38:40 Ring Archer Armor
38:33 Conscription
38:32 Husbandry
38:01 Elite Genoese Crossbowman
39:44 Bloodlines
38:54 Light Cavalry
39:43 Scale Barding Armor
39:49 Forging
41:37 Two-Man Saw
41:10 Stone Mining
41:52 Crop Rotation
42:06 Hussar
43:12 Chain Barding Armor
43:28 Iron Casting
44:55 Plate Barding Armor
48:42 Blast Furnace
48:15 Coinage
[KMNB] Galodoido
8:28 Feudal Age
9:16 Loom
16:23 Fletching
17:06 Double-Bit Axe
19:04 Padded Archer Armor
24:04 Castle Age
22:29 Gold Mining
22:49 Horse Collar
24:06 Crossbowman
24:42 Bodkin Arrow
25:56 Leather Archer Armor
26:36 Ballistics
28:05 Heavy Plow
28:16 Bow Saw
32:08 Wheelbarrow
33:02 Gold Shaft Mining
33:48 Hand Cart
33:58 Stone Mining
38:12 Imperial Age
36:29 Thumb Ring
37:50 Elite Skirmisher
38:13 Arbalester
38:54 Bracer
39:25 Ring Archer Armor
39:56 Chemistry
39:57 Masonry
41:56 Two-Man Saw
40:48 Town Watch
41:31 Fortified Wall
42:49 Elite Mameluke
43:50 Conscription
43:41 Forging
43:36 Scale Barding Armor
44:52 Bloodlines
44:43 Husbandry
45:53 Chain Barding Armor
46:09 Iron Casting
44:57 Heavy Camel Rider
46:46 Murder Holes
48:27 Iron Casting
48:12 Chain Barding Armor
[KMNB] Bandeira
7:37 Loom
10:11 Feudal Age
10:48 Double-Bit Axe
12:04 Bloodlines
12:15 Forging
17:00 Horse Collar
19:44 Scale Barding Armor
21:07 Wheelbarrow
25:01 Castle Age
24:01 Gold Mining
25:10 Light Cavalry
25:51 Husbandry
26:18 Bow Saw
26:18 Heavy Plow
28:35 Chain Barding Armor
28:51 Iron Casting
41:23 Imperial Age
39:09 Hand Cart
41:25 Hussar
41:31 Cavalier
43:26 Blast Furnace
44:52 Caravan
46:24 Crop Rotation
Connection lost

Rejoining the realm…

Still unreachable

The connection could not be restored.

Session expired

The server has moved on; the page needs a fresh start.